AoeStats
← King L

Arena

506218557Analyzed
1v1 RM · 20d ago on Sep 12, 2026· 46m 15s· 2 players
Game mode
Random Map
Map size
Tiny (2 player)
Population
200
Speed
Normal
Resources
Standard
Victory
Conquest
Starting age
Dark Age
Ending age
Imperial Age
RankedLock teamsTeams togetherTeam positionsShared explorationLock speedFull tech treeHidden civsTurbo modeCheats
Victory
Defeat
🇨🇱 Romans · Chile
1028
+16
🇧🇷 Persians · Brazil
1028
-16
King L
3:52 Loom
10:16 Feudal Age
11:10 Double-Bit Axe
15:23 Castle Age
14:02 Gold Mining
28:26 Horse Collar
30:10 Wheelbarrow
31:14 Heavy Plow
31:39 Town Watch
31:48 Fletching
33:30 Forging
33:23 Scale Mail Armor
33:50 Pikeman
35:26 Iron Casting
36:13 Chain Mail Armor
39:35 Imperial Age
39:10 Gold Shaft Mining
39:30 Bodkin Arrow
39:11 Man-at-Arms
40:41 Hand Cart
40:22 Halberdier
43:07 Long Swordsman
45:40 Chemistry
45:00 Ballistics
45:45 Legionary
Rayox_Sr_Ñeque
11:44 Feudal Age
12:23 Loom
16:20 Castle Age
14:13 Stone Mining
15:05 Double-Bit Axe
15:05 Horse Collar
17:07 Bow Saw
17:02 Heavy Plow
29:04 Wheelbarrow
31:24 Scale Mail Armor
34:26 Gold Mining
37:18 Gold Shaft Mining
39:42 Hand Cart
43:52 Imperial Age
41:57 Forging
43:43 Husbandry
43:53 Bloodlines
Connection lost

Rejoining the realm…

Still unreachable

The connection could not be restored.

Session expired

The server has moved on; the page needs a fresh start.